AoeStats
← tilmanv

Pilgrims

508306363Analyzed
4v4 RM · 12d ago on Sep 21, 2026· 79m 14s· 8 players
Game mode
Random Map
Map size
Large (8 player)
Population
200
Speed
Normal
Resources
Standard
Victory
Conquest
Starting age
Dark Age
Ending age
Imperial Age
RankedLock teamsTeams togetherTeam positionsShared explorationLock speedFull tech treeHidden civsTurbo modeCheats
Victory
Defeat
🇫🇷 Japanese · France
1059
+15
🇩🇪 Vikings · Germany
1047
+16
🇪🇸 Spanish · Spain
996
+18
🇹🇷 Teutons · Türkiye
994
+18
🇩🇪 Dravidians · Germany
1080
-19
🇦🇷 Koreans · Argentina
1073
-18
🇪🇨 Spanish · Ecuador
1005
-15
🇹🇷 Romans · Türkiye
992
-15
JK
13:33 Feudal Age
12:04 Loom
15:41 Double-Bit Axe
18:48 Castle Age
17:33 Fishing Lines
20:00 Bow Saw
19:58 Fletching
20:09 Padded Archer Armor
20:49 Gillnets
22:20 Bodkin Arrow
24:13 Stone Mining
24:14 Gold Mining
26:16 Clinker Construction
26:27 Ballistics
26:19 Careening
27:08 Horse Collar
31:13 Imperial Age
29:59 Leather Archer Armor
29:54 Forging
29:45 Scale Mail Armor
32:16 Gold Shaft Mining
31:20 Elite Longship
32:54 Squires
32:40 Arson
32:41 Gambesons
34:21 Bogsveigar
35:40 Bracer
36:15 Caravan
36:46 Coinage
37:01 Heavy Plow
38:02 Two-Man Saw
39:05 Elite Berserk
40:12 Chain Mail Armor
41:27 Chieftains
43:23 Iron Casting
43:20 Plate Mail Armor
50:31 Blast Furnace
54:53 Chemistry
54:15 Carvel Hull
54:18 Dry Dock
58:34 Banking
59:09 Ring Archer Armor
59:24 Crop Rotation
59:24 Scale Barding Armor
58:52 Cavalier
60:18 Elite Cannon Galleon
75:51 Town Watch
75:48 Treadmill Crane
76:18 Masonry
76:14 Siege Engineers
76:04 Murder Holes
76:21 Fortified Wall
76:01 Heated Shot
76:02 Guard Tower
76:18 Siphons
75:58 Arrowslits
75:38 Pikeman
75:38 Man-at-Arms
76:40 Chain Barding Armor
Master of Ludus
3:28 Loom
13:41 Feudal Age
14:11 Man-at-Arms
16:39 Town Watch
17:32 Wheelbarrow
16:39 Horse Collar
16:48 Double-Bit Axe
24:26 Castle Age
25:30 Hand Cart
25:19 Heavy Plow
25:32 Bow Saw
26:01 Long Swordsman
26:42 Squires
26:28 Gambesons
26:28 Arson
26:04 Pikeman
33:36 Town Patrol
34:00 Gold Mining
40:42 Imperial Age
38:25 Masonry
38:38 Ballistics
39:08 Elite Skirmisher
39:42 Fletching
39:54 Padded Archer Armor
40:04 Forging
39:55 Scale Mail Armor
41:35 Stone Mining
41:08 Two-Handed Swordsman
41:13 Halberdier
41:53 Bodkin Arrow
42:14 Leather Archer Armor
42:34 Iron Casting
43:02 Chemistry
42:33 Architecture
41:50 Arrowslits
41:56 Guard Tower
42:31 Shipwright
43:39 Two-Man Saw
43:30 Champion
46:52 Blast Furnace
46:07 Chain Mail Armor
45:56 Bracer
46:26 Ring Archer Armor
46:12 Chain Mail Armor
46:02 Scale Barding Armor
46:12 Bloodlines
46:03 Husbandry
45:23 Light Cavalry
51:11 Bombard Tower
50:48 Murder Holes
51:54 Hussar
53:02 Conscription
54:34 Plate Mail Armor
54:25 Chain Barding Armor
57:37 Elite Cannon Galleon
58:05 Fishing Lines
59:05 Plate Barding Armor
58:52 Shipwright
58:48 Clinker Construction
58:51 Careening
58:28 Cavalier
63:07 Caravan
63:21 Guilds
65:25 Capped Ram
65:25 Onager
73:39 Dry Dock
73:42 Carvel Hull
75:19 Caravan
75:56 Supremacy
75:40 Inquisition
76:19 Hoardings
Centu62
7:34 Loom
15:04 Feudal Age
16:12 Double-Bit Axe
16:24 Stone Mining
18:54 Castle Age
17:09 Fletching
17:32 Gold Mining
21:34 Wheelbarrow
22:34 Hand Cart
23:19 Bodkin Arrow
28:08 Bow Saw
30:33 Forging
34:41 Squires
38:13 Imperial Age
35:12 Crossbowman
36:01 Padded Archer Armor
35:35 Pikeman
37:18 Ballistics
37:44 Horse Collar
38:44 Gold Shaft Mining
38:48 Thumb Ring
39:32 Iron Casting
40:04 Chemistry
39:10 Siege Engineers
39:48 Conscription
38:59 Arbalester
40:21 Elite Samurai
42:12 Murder Holes
43:27 Bracer
44:29 Blast Furnace
43:30 Scale Mail Armor
45:57 Leather Archer Armor
46:58 Cavalier
47:39 Husbandry
47:06 Onager
48:48 Light Cavalry
49:39 Bloodlines
49:52 Scale Barding Armor
51:24 Chain Barding Armor
53:08 Ring Archer Armor
52:53 Chain Mail Armor
54:21 Two-Man Saw
56:14 Hoardings
57:23 Plate Mail Armor
58:12 Masonry
57:43 Treadmill Crane
59:49 Heavy Scorpion
65:19 Yasama
65:37 Caravan
73:05 Town Watch
73:12 Capped Ram
77:22 Halberdier
77:48 Arson
77:50 Gambesons
Kebabs&Roses
8:21 Loom
11:51 Feudal Age
13:04 Double-Bit Axe
15:47 Castle Age
15:48 Fishing Lines
16:18 Stone Mining
17:51 Horse Collar
20:46 Gillnets
22:07 Bloodlines
24:55 Wheelbarrow
24:05 Town Watch
24:21 Gold Mining
25:06 Scale Barding Armor
26:00 Fletching
27:51 Bodkin Arrow
29:19 Chain Barding Armor
30:28 Stone Shaft Mining
30:12 Masonry
30:25 Ballistics
33:47 Imperial Age
32:14 Forging
34:02 Hand Cart
33:49 Town Patrol
34:15 Cavalier
35:50 Conscription
37:32 Plate Barding Armor
38:19 Crenellations
45:58 Chemistry
45:37 Iron Casting
46:40 Heavy Plow
47:05 Bow Saw
48:43 Paladin
51:22 Blast Furnace
52:58 Caravan
64:12 Two-Man Saw
Pato
16:49 Feudal Age
17:38 Double-Bit Axe
18:16 Loom
19:35 Fishing Lines
23:43 Wheelbarrow
27:08 Castle Age
27:07 Fletching
28:32 Hand Cart
32:52 Bodkin Arrow
35:32 Horse Collar
42:01 Imperial Age
43:53 Chemistry
44:18 Bow Saw
44:12 Bracer
44:12 Padded Archer Armor
44:47 Gillnets
45:04 Town Watch
45:26 Heavy Plow
46:43 Two-Man Saw
47:41 Town Patrol
48:54 Ballistics
48:45 Clinker Construction
50:44 Leather Archer Armor
56:35 Demolition Ship
56:44 Demolition Ship
56:47 Elite Cannon Galleon
62:52 Shipwright
63:34 Bloodlines
63:24 Husbandry
62:46 Light Cavalry
63:40 Forging
63:35 Scale Barding Armor
64:01 Ring Archer Armor
64:05 Cavalier
68:49 Medium Warships
70:11 Caravan
69:58 Hussar
73:02 Paladin
tilmanv
4:17 Loom
12:56 Feudal Age
14:22 Wheelbarrow
13:33 Double-Bit Axe
14:09 Fishing Lines
15:11 Fletching
21:12 Castle Age
20:44 Gold Mining
22:03 Medium Warships
21:45 Gillnets
21:52 Bodkin Arrow
22:17 Hand Cart
31:17 Imperial Age
28:33 Man-at-Arms
28:34 Pikeman
29:59 Long Swordsman
30:25 Gambesons
30:41 Squires
30:26 Arson
30:51 Town Watch
32:44 Heavy Warships
31:41 Two-Handed Swordsman
31:42 Halberdier
32:40 Horse Collar
33:13 Bow Saw
35:05 Bracer
35:05 Padded Archer Armor
36:00 Champion
39:56 Forging
39:47 Scale Mail Armor
40:23 Conscription
46:37 Iron Casting
48:53 Chain Mail Armor
56:16 Plate Mail Armor
57:33 Town Patrol
61:07 Wootz Steel
70:50 Two-Man Saw
YemYesiL
10:53 Feudal Age
16:52 Castle Age
14:40 Loom
15:51 Horse Collar
23:03 Ballistas
31:50 Heavy Plow
32:28 Wheelbarrow
31:47 Double-Bit Axe
32:02 Gold Mining
36:17 Imperial Age
35:49 Ballistics
36:31 Heavy Scorpion
38:35 Chemistry
39:34 Siege Engineers
MatiSitoula
7:42 Loom
12:31 Feudal Age
14:16 Double-Bit Axe
20:20 Castle Age
22:30 Fletching
25:10 Medium Warships
34:58 Wheelbarrow
34:35 Bow Saw
38:47 Pikeman
43:07 Scale Mail Armor
44:50 Gold Mining
47:13 Gambesons
47:29 Squires
46:58 Elite Skirmisher
54:28 Bodkin Arrow
55:19 Horse Collar
59:06 Town Watch
61:45 Thumb Ring
63:32 Chain Mail Armor
67:21 Forging
69:28 Ballistics
Connection lost

Rejoining the realm…

Still unreachable

The connection could not be restored.

Session expired

The server has moved on; the page needs a fresh start.